Map: Terraform LE (Void)

Players

Nina (Lillekanin)

  • Race: Terran Terran
  • League: Diamond

EndOfLine - Winner!

  • Race: Zerg Zerg
  • League: Master

Event: ASL Season 5 Prime League LOTV Beta

VOD

Have the link to the VOD?

Description

Time

  • Played on: Sept. 1, 2015, 10:35 p.m.
  • Length: 12:04

All games in this series

Show
View Real Time Build Order
Export as new Build Order

Nina Terran 

Build Orders: Mech 

Get SALT Encoding   

  12  0:10  Supply Depot  
  12  0:17  Refinery  
  12  0:36  Barracks  
  12  0:55  Barracks  
  12  1:03  SCV  
  13  1:15  SCV  
  14  1:24  Reaper  
  15  1:28  SCV  
  16  1:40  SCV  
  16  1:42  Reaper  
  18  1:55  Bunker  
  18  1:56  Reaper  
  19  2:07  Bunker  
  19  2:14  Reaper  
  19  2:24  SCV  
  19  2:28  Reaper  
  20  2:36  SCV  
  21  2:47  Reaper  
  21  2:48  SCV  
  23  3:03  Command Center  
  23  3:05  Supply Depot  
  23  3:23  Factory  
  23  3:27  SCV  
  23  3:32  Supply Depot  
  25  3:39  SCV  
  25  3:51  SCV  
  26  4:03  SCV  
  26  4:09  Hellion  
  29  4:15  SCV  
  30  4:22  Bunker  
  26  4:26  SCV  
  26  4:27  Supply Depot  
  26  4:28  SCV  
  26  4:30  Hellion  
  30  4:43  Starport  
  30  4:44  Refinery  
  29  4:55  Supply Depot  
  29  4:57  SCV  
  30  5:02  Hellion  
  32  5:08  SCV  
  32  5:10  SCV  
  34  5:32  Starport Tech Lab  
  34  5:39  SCV x2, Supply Depot  
  34  5:41  Factory Reactor  
  36  5:51  SCV x2  
  36  5:52  Cloaking Field  
  36  5:54  Banshee  
  41  6:03  SCV x2  
  43  6:07  Marine  
  44  6:15  SCV x2  
  46  6:21  Factory x2  
  46  6:27  SCV, Hellion  
  46  6:28  SCV  
  46  6:30  Hellion  
  53  6:40  SCV, Banshee  
  57  6:47  Orbital Command  
  57  6:51  Refinery  
  56  6:56  SCV  
  56  6:58  Refinery  
  57  7:02  Engineering Bay  
  57  7:05  Factory Tech Lab  
  57  7:06  Factory Tech Lab  
  57  7:09  SCV  
  57  7:11  Armory  
  58  7:17  Armory, SCV  
  58  7:21  SCV  
  60  7:29  SCV  
  61  7:30  Banshee  
  61  7:33  SCV  
  65  7:41  SCV  
  63  7:44  Siege Tank  
  63  7:46  SCV  
  67  7:58  Missile Turret  
  67  7:59  Missile Turret  
  67  8:00  Hellion  
  69  8:06  Hellion  
  69  8:07  Supply Depot  
  70  8:15  SCV  
  70  8:18  Siege Tank  
  70  8:21  SCV, Siege Tank  
  64  8:31  Hellbat x2  
  55  8:45  SCV  
  56  8:50  Orbital Command  
  56  8:51  Hellbat  
  56  8:54  Terran Vehicle Weapons Level 1  
  56  8:55  Terran Vehicle And Ship Armor Level 1  
  58  9:09  SCV  
  59  9:16  Command Center  
  59  9:19  Missile Turret  
  59  9:28  SCV  
  59  9:31  SCV, Factory  
  61  9:33  Factory Reactor  
  61  9:40  SCV  
  61  9:43  SCV  
  63  9:48  Thor  
  69  9:53  SCV  
  69  9:55  SCV  
  69  9:57  Viking  
  73  10:04  Supply Depot  
  73  10:08  Liberator  
  73  10:09  Mag-Field Accelerator  
  73  10:15  Cyclone  
  73  10:21  SCV x2  
  81  10:33  SCV, Hellbat x2  
  86  10:36  SCV  
  86  10:39  Infernal Pre-Igniter  
  87  10:45  SCV  
  87  10:47  Cyclone  
  91  10:50  SCV  
  92  10:57  SCV  
  93  11:08  Hellbat x2  
  97  11:14  Siege Tank  
  100  11:20  SCV  
  96  11:36  Command Center  
  94  11:46  SCV  
Show
View Real Time Build Order
Export as new Build Order

EndOfLine Zerg - Winner!

Build Orders: Hatch First 

Get SALT Encoding   

  12  0:01  Drone  
  13  0:13  Overlord  
  13  0:17  Drone  
  14  0:31  Drone x2  
  14  0:35  Drone  
  17  0:46  Drone  
  18  0:56  Hatchery  
  17  0:59  Drone  
  18  1:12  Spawning Pool  
  18  1:15  Drone  
  18  1:17  Extractor  
  17  1:21  Drone  
  18  1:31  Overlord  
  18  2:00  Spine Crawler, Zergling x4  
  19  2:02  Zergling x2  
  20  2:08  Spine Crawler  
  20  2:12  Zergling x4  
  20  2:19  Metabolic Boost  
  19  2:23  Zergling x4  
  21  2:32  Queen  
  22  2:46  Zergling x6  
  24  2:54  Zergling x2  
  24  2:58  Zergling x2  
  26  3:01  Zergling x2  
  27  3:10  Zergling x4  
  27  3:24  Baneling Nest  
  27  3:26  Zergling x2  
  27  3:27  Zergling x2  
  28  3:36  Drone x2  
  29  4:08  Drone x4  
  29  4:09  Drone  
  31  4:21  Drone x2  
  31  4:22  Drone x2  
  31  4:23  Baneling x4  
  35  4:25  Baneling  
  35  4:49  Queen  
  33  4:55  Drone x2  
  33  4:56  Drone  
  35  5:00  Overlord x2  
  35  5:19  Drone x6  
  41  5:26  Roach Warren  
  40  5:30  Drone x2  
  40  5:31  Evolution Chamber  
  40  5:33  Lair  
  42  5:35  Drone  
  42  5:40  Drone  
  43  5:49  Drone x4  
  47  5:57  Zerg Missile Weapons Level 1  
  47  5:59  Extractor  
  47  6:00  Extractor  
  45  6:08  Drone x3  
  45  6:09  Drone  
  49  6:17  Overlord x2, Roach  
  51  6:25  Overlord x2  
  51  6:31  Glial Reconstitution  
  51  6:36  Roach x2  
  51  6:39  Roach  
  57  6:41  Roach  
  59  6:48  Roach x2  
  59  6:51  Spore Crawler  
  59  6:52  Drone x2  
  59  6:53  Spore Crawler  
  63  6:57  Drone  
  63  6:58  Roach  
  63  6:59  Overseer  
  63  7:00  Queen  
  68  7:02  Roach  
  68  7:04  Roach  
  68  7:06  Extractor  
  71  7:11  Roach x2  
  75  7:18  Roach  
  75  7:33  Roach  
  75  7:34  Roach x3  
  81  7:45  Overlord x2, Roach  
  82  7:54  Overlord, Baneling x2  
  82  7:55  Overlord  
  82  8:00  Zerg Ground Armor Level 1  
  82  8:01  Drone x2  
  82  8:03  Evolution Chamber, Drone x2  
  85  8:09  Hatchery, Drone  
  84  8:22  Drone  
  84  8:23  Drone x2  
  77  8:29  Drone x2, Hydralisk Den  
  62  8:46  Zerg Missile Weapons Level 2  
  54  8:48  Drone x2  
  54  8:49  Drone x4  
  54  8:55  Overlord x4  
  58  9:02  Muscular Augments  
  58  9:04  Hydralisk  
  60  9:13  Spore Crawler, Hydralisk x2  
  60  9:14  Hydralisk  
  67  9:17  Roach x2  
  67  9:21  Hydralisk x2  
  73  9:25  Spore Crawler, Hydralisk  
  73  9:29  Hydralisk  
  76  9:33  Hydralisk  
  78  9:39  Hydralisk  
  80  9:52  Drone  
  81  9:53  Drone x7  
  81  9:55  Roach  
  81  9:59  Hydralisk  
  92  10:05  Roach x2  
  96  10:10  Extractor  
  96  10:13  Hydralisk x2  
  96  10:14  Hydralisk  
  101  10:24  Roach x2  
  101  10:25  Roach x4  
  113  10:36  Infestation Pit  
  113  10:38  Roach x4, Extractor  
  121  10:42  Roach  
  121  10:43  Roach  
  123  10:53  Roach x2  
  123  10:56  Roach  
  129  10:57  Roach  
  129  11:01  Hatchery  
  130  11:04  Drone  
  130  11:05  Drone x4  
  130  11:06  Drone  
  132  11:33  Roach  
  132  11:34  Roach x6  
  136  11:52  Drone  
Tags
 
Add a new tag
Caveats
  • Supply blocks, unpowered buildings, or Contaminate may cause inaccurate times.
  • Supply counts are checked every 10 seconds.